 Dungeon Crawl Stone Soup version 0.18.1-50-g88ac8fd (webtiles) character file.

43997 Letos the Fencer (level 14, -7/122 HPs)
             Began as a Formicid Fighter on Oct 15, 2016.
             Was a High Priest of Okawaru.
             Mangled by a komodo dragon (16 damage)
             ... called by a young spriggan druid
             ... on level 8 of the Lair of Beasts.
             The game lasted 00:37:56 (20855 turns).

Letos the Fencer (Formicid Fighter)                Turns: 20855, Time: 00:37:57

Health: -7/122     AC: 27    Str: 36    XL:     14   Next: 63%
Magic:  17/20      EV: 11    Int:  9    God:    Okawaru [*****.]
Gold:   1204       SH: 15    Dex: 14    Spells: 0 memorised, 13 levels left

rFire  . . .     SeeInvis +     s - +3 scimitar (venom)
rCold  . . .     Gourm    .     y - +1 plate armour
rNeg   + + .     Faith    .     c - +0 shield
rPois  .         Spirit   .     (helmet unavailable)
rElec  .         Dismiss  .     w - +2 cloak
rCorr  .         Reflect  .     I - +2 pair of gloves of Vesson {rN++ Str+4}
SustAt .         Harm     .     C - +2 pair of boots
MR     +....                    t - amulet of magic regeneration
Stlth  ..........               u - +3 ring of strength
                                n - +3 ring of strength

@: mighty, heroism, finesse, somewhat resistant to hostile enchantments,
extremely unstealthy
A: permanent stasis, dig shafts and tunnels, four strong arms, antennae 3, fangs
1, robust 1
a: Dig, Shaft Self, Heroism, Finesse, Renounce Religion


You were on level 8 of the Lair of Beasts.
You worshipped Okawaru.
Okawaru was extremely pleased with you.
You were not hungry.

You visited 3 branches of the dungeon, and saw 18 of its levels.
You also visited: Volcano.

You collected 1342 gold pieces.
You spent 138 gold pieces at shops.

Inventory:

Hand Weapons
 s - a +3 scimitar of venom (weapon)
 K - a +6 falchion of flaming
Armour
 c - a +0 shield (worn)
 w - a +2 cloak (worn)
 y - a +1 plate armour (worn)
 C - a +2 pair of boots (worn)
 I - the +2 pair of gloves of Vesson (worn) {rN++ Str+4}
   (Okawaru gifted it to you on level 4 of the Lair of Beasts)

   It affects your strength (+4).
   It greatly protects you from negative energy.
Jewellery
 b - an uncursed ring of flight
 n - a +3 ring of strength (left hand)
 t - an amulet of magic regeneration (around neck)
 u - a +3 ring of strength (right hand)
 x - an uncursed ring of protection from magic
Wands
 e - a wand of disintegration (17/24)
 G - a wand of acid (7/15)
 N - a wand of teleportation (4/9)
Scrolls
 d - 5 scrolls of remove curse
 h - 6 scrolls of identify
 i - a scroll of immolation
 m - 2 scrolls of fog
 v - 2 scrolls of enchant armour
 z - a scroll of amnesia
 E - 2 scrolls of enchant weapon
 F - a scroll of fear
 H - a scroll of magic mapping
Potions
 l - 4 potions of lignification
 q - 3 potions of degeneration {unknown}
 r - a potion of agility
 B - 2 potions of flight
 D - 2 potions of brilliance
 J - a potion of resistance
 L - 3 potions of invisibility
Books
 o - an Akashic Record

   Spells                             Type                      Level
   a - Dispersal                      Translocation                6
   b - Malign Gateway                 Summoning/Translocation      7
   c - Disjunction                    Translocation                8
   d - Controlled Blink               Translocation                8
Comestibles
 a - 3 slices of pizza
 f - 6 bread rations
 j - 5 meat rations
 p - a royal jelly


   Skills:
 - Level 10.4(15.4) Fighting
 * Level 16.0(21.0) Long Blades
 + Level 7.4(12.4) Armour
 - Level 9.1(14.1) Shields
 - Level 10.1(15.1) Unarmed Combat
 - Level 9.2 Invocations


You had 13 spell levels left.
You didn't know any spells.

Dungeon Overview and Level Annotations

Branches:
Dungeon (9/15)             Temple (1/1) D:6            Lair (8/8) D:8
 Shoals (0/4) Lair:4        Snake (0/4) Lair:4        Slime (0/6) Lair:6
    Orc: D:9-12

Altars:
Ashenzari
Elyvilon
Fedhas
Gozag
Nemelex Xobeh
Okawaru
Sif Muna
Vehumet
Xom
Zin
Jiyva

Shops:
D:5 *   D:6 *


Innate Abilities, Weirdness & Mutations

You are under a permanent stasis effect.
You can dig through walls and to a lower floor.
Your four strong arms can wield two-handed weapons with a shield.
You have a pair of large antennae on your head (SInv).
You have very sharp teeth.
You are robust (+10% HP).


Message History

You block the water moccasin's attack. You block the spriggan's attack.
The komodo dragon bites you but does no damage.
Drink which item? (? for menu, Esc to quit)
You feel better. Tree limbs sway around you.
You are hit by a branch!
* * * LOW HITPOINT WARNING * * *
You block the water moccasin's attack. The spriggan hits you with a dagger.
* * * LOW HITPOINT WARNING * * *
The spriggan hits you with a short sword.
* * * LOW HITPOINT WARNING * * *
The komodo dragon closely misses you.
A redback comes into view.
Drink which item? (? for menu, Esc to quit)
You feel better. A tree reaches out and hits you!
* * * LOW HITPOINT WARNING * * *
The redback moves out of view.
You block the water moccasin's attack. You block the spriggan's attack.
The spriggan closely misses you. You block the water moccasin's attack.
The komodo dragon bites you!
You die...

♣♣♣♣♣♣♣ ♣♣♣♣itis.♣
♣♣♣sl@i♣♣...♣
♣♣♣..hS♣♣♣ ♣♣...♣
♣.....♣♣ ♣♣.♣
#######♣ ♣.....♣♣
♣♣♣ .
..PPP..♣♣...♣♣..♣♣
♣♣.♣ ..........♣
♣♣..♣♣♣..♣♣ {{
.........♣
♣...♣....♣ {
.........♣
♣♣.......♣ {
.........♣♣
♣....♣...♣ {{{


You could see a komodo dragon, a young spriggan druid, a water moccasin, a
crocodile, 2 redbacks, 2 spriggans and a wolf.

Vanquished Creatures
  Maud (Lair:4)
  2 hydras
  Erica (Lair:2)
  A death yak (Lair:7)
  Urug (Lair:2)
  A lindwurm (Volcano)
  12 elephants (Lair:8)
  A cyclops (D:7)
  2 black mambas
  2 molten gargoyles (Volcano)
  2 sirens (Lair:4)
  Psyche (D:9)
  10 spiny frogs
  2 gargoyles (Volcano)
  7 komodo dragons
  A queen bee (Lair:1)
  2 merfolk (Lair:4)
  A two-headed ogre (D:8)
  4 polar bears (Lair:8)
  13 blink frogs
  A boulder beetle (Lair:4)
  A slime creature (Lair:2)
  2 redbacks (Lair:8)
  Sigmund (D:2)
  6 spriggans (Lair:8)
  2 wyverns (Lair:5)
  37 yaks
  2 fire elementals (Volcano)
  14 hippogriffs
  2 basilisks
  A hungry ghost (D:6)
  Menkaure (D:7)
  A mottled dragon (D:8)
  3 nagas (Lair:4)
  Duvessa (D:6)
  10 water moccasins
  9 porcupines
  4 orc warriors
  An ice beast (D:6)
  A phantom (D:8)
  3 wasps
  A sky beast (D:8)
  5 black bears
  5 ogres
  A necrophage (D:8)
  16 wolves (Lair:8)
  10 crocodiles
  4 centaurs
  11 big kobolds
  Blork the orc (D:5)
  17 giant frogs
  A water moccasin zombie (D:5)
  3 scorpions
  Dowan (D:6)
  18 killer bees
  9 wights
  2 howler monkeys
  9 crimson imps
  2 quasits
  A wasp zombie (D:8)
  11 jellies
  10 hounds
  Crazy Yiuf (D:2)
  A centaur skeleton (D:7)
  6 orc priests
  13 orc wizards
  A giant frog skeleton (D:4)
  Ijyb (D:3)
  Jessica (D:2)
  Terence (D:2)
  12 iguanas
  5 worker ants
  2 killer bee zombies (D:7)
  7 sheep
  2 hound zombies
  4 hound skeletons
  2 worker ant zombies
  7 gnolls
  79 river rats
  12 adders
  2 shadow imps (D:5)
  11 oozes
  An adder zombie (D:5)
  3 worms
  An adder skeleton (D:8)
  4 giant geckos
  38 orcs
  A giant cockroach (D:2)
  3 hobgoblins
  7 jackals
  10 kobolds
  2 quokkas
  5 bats
  4 giant newts
  5 goblins
  2 quokka skeletons (D:4)
  7 rats
  A fire vortex (Volcano)
  A fungus (D:2)
  A plant (Lair:3)
574 creatures vanquished.

Vanquished Creatures (others)
  9 fungi
  2 plants
11 creatures vanquished.

Grand Total: 585 creatures vanquished

Notes
Turn   | Place    | Note
--------------------------------------------------------------
     0 | D:1      | Letos the Formicid Fighter began the quest for the Orb.
     0 | D:1      | Reached XP level 1. HP: 18/18 MP: 1/1
    99 | D:1      | Reached XP level 2. HP: 19/24 MP: 2/2
   668 | D:2      | Reached XP level 3. HP: 19/29 MP: 3/3
   800 | D:2      | Noticed Jessica
   808 | D:2      | Killed Jessica
   808 | D:2      | Reached XP level 4. HP: 30/36 MP: 4/4
   859 | D:2      | Noticed Sigmund
   870 | D:2      | Killed Sigmund
   870 | D:2      | Reached skill level 3 in Long Blades
   870 | D:2      | Reached XP level 5. HP: 35/42 MP: 5/5
   870 | D:2      | Reached XP level 6. HP: 40/48 MP: 6/6
   909 | D:2      | Noticed Terence
   917 | D:2      | Killed Terence
   917 | D:2      | Reached skill level 4 in Long Blades
  1031 | D:2      | Reached skill level 5 in Shields
  1170 | D:2      | Noticed Crazy Yiuf
  1175 | D:2      | Killed Crazy Yiuf
  1317 | D:2      | Reached XP level 7. HP: 28/55 MP: 7/7
  1667 | D:3      | Reached skill level 5 in Long Blades
  2013 | D:3      | Noticed Ijyb
  2019 | D:3      | Killed Ijyb
  2019 | D:3      | Reached skill level 5 in Armour
  2169 | D:4      | Gained mutation: You are robust (+10% HP). [potion of beneficial mutation]
  2176 | D:4      | Reached skill level 5 in Fighting
  2176 | D:4      | Reached XP level 8. HP: 9/68 MP: 8/8
  2507 | D:4      | Gained mutation: You have very sharp teeth. [potion of beneficial mutation]
  2697 | D:4      | Reached skill level 1 in Unarmed Combat
  2716 | D:4      | Reached skill level 6 in Long Blades
  3183 | D:5      | Entered Level 5 of the Dungeon
  3472 | D:5      | Found Huohud's Assorted Antiques.
  3486 | D:5      | Bought an ivory ring for 115 gold pieces
  3486 | D:5      | Bought a scroll labeled CUHEUVV DAVOGYA for 23 gold pieces
  3557 | D:5      | Reached skill level 7 in Long Blades
  3558 | D:5      | Reached XP level 9. HP: 70/74 MP: 9/9
  4413 | D:6      | Noticed Blork the orc
  4447 | D:5      | Killed Blork the orc
  4447 | D:5      | Reached skill level 8 in Long Blades
  4622 | D:6      | Noticed Dowan
  4631 | D:6      | Killed Dowan
  4655 | D:6      | HP: 3/74 [orc warrior/glaive (18)]
  5117 | D:6      | Found a shattered altar of Ashenzari.
  5270 | D:6      | Reached skill level 9 in Long Blades
  5312 | D:6      | Reached XP level 10. HP: 73/81 MP: 10/10
  5322 | D:6      | Found Diwieny's Assorted Antiques.
  5335 | D:6      | Reached skill level 5 in Unarmed Combat
  5365 | D:6      | Noticed Duvessa
  5383 | D:6      | Killed Duvessa
  5430 | D:6      | Found a blossoming altar of Fedhas.
  5830 | D:6      | Found a staircase to the Ecumenical Temple.
  5915 | Temple   | Entered the Ecumenical Temple
  5958 | Temple   | Became a worshipper of Warmaster Okawaru
  6182 | D:7      | Found a shimmering altar of Xom.
  6188 | D:7      | Got a slimy dagger
  6394 | D:7      | Noticed a cyclops
  6727 | D:7      | Killed a cyclops
  6727 | D:7      | Reached skill level 10 in Long Blades
  6736 | D:7      | Found a radiant altar of Vehumet.
  6851 | D:7      | Found a glowing silver altar of Zin.
  6852 | D:7      | Reached * piety under Okawaru
  7054 | D:7      | Found a sparkling altar of Nemelex Xobeh.
  7173 | D:7      | Noticed Menkaure
  7180 | D:7      | Killed Menkaure
  7557 | D:7      | Found a white marble altar of Elyvilon.
  7779 | D:8      | Reached skill level 1 in Invocations
  7846 | D:8      | Reached ** piety under Okawaru
  7882 | D:8      | Reached XP level 11. HP: 89/89 MP: 9/12
  8063 | D:8      | Reached skill level 11 in Long Blades
  8265 | D:8      | Reached *** piety under Okawaru
  8477 | D:8      | Found a staircase to the Lair.
  9027 | D:9      | Noticed Psyche
  9041 | D:9      | Killed Psyche
  9773 | D:9      | Found a blossoming altar of Fedhas.
 10135 | Lair:1   | Entered Level 1 of the Lair of Beasts
 10324 | Lair:1   | Reached skill level 5 in Invocations
 10355 | Lair:1   | Reached **** piety under Okawaru
 11276 | Lair:1   | Reached skill level 12 in Long Blades
 11297 | Lair:1   | Reached XP level 12. HP: 97/101 MP: 16/16
 12145 | Lair:2   | Identified the +1 dagger of Xiapp {flame, MR+ Stlth+} (You found it on level 7 of the Dungeon)
 12223 | Lair:2   | Noticed a seven-headed hydra
 12235 | Lair:2   | Killed a one-headed hydra
 12442 | Lair:2   | Reached ***** piety under Okawaru
 13106 | Lair:2   | Noticed Erica
 13119 | Lair:2   | Killed Erica
 13119 | Lair:2   | Reached skill level 13 in Long Blades
 13160 | Lair:2   | Noticed Urug
 13172 | Lair:2   | Killed Urug
 14391 | Lair:3   | Reached XP level 13. HP: 111/111 MP: 18/18
 14683 | Lair:4   | Found a staircase to the Snake Pit.
 14734 | Lair:4   | Noticed a four-headed hydra
 14751 | Lair:4   | Killed a one-headed hydra
 14766 | Lair:4   | Found a staircase to the Shoals.
 15315 | Lair:4   | Reached ****** piety under Okawaru
 15322 | Lair:4   | Reached skill level 14 in Long Blades
 15374 | Lair:4   | Noticed Maud
 15392 | Lair:4   | Killed Maud
 15392 | Lair:4   | Received a gift from Okawaru
 15393 | Lair:4   | Got a pair of encrusted gloves {god gift}
 15403 | Lair:4   | Identified the +2 pair of gloves of Vesson {rN++ Str+4} (Okawaru gifted it to you on level 4 of the Lair of Beasts)
 16452 | Lair:5   | Found a dark tunnel.
 16462 | Volcano  | Entered a volcano
 16477 | Volcano  | Reached skill level 10 in Fighting
 16778 | Volcano  | HP: 4/113 [lindwurm/blast of flame (33)]
 17423 | Lair:5   | Reached skill level 10 in Unarmed Combat
 18161 | Lair:6   | Reached XP level 14. HP: 95/122 MP: 20/20
 18347 | Lair:6   | Found a viscous altar of Jiyva.
 18352 | Lair:6   | Found a staircase to the Slime Pits.
 19821 | Lair:7   | Received a gift from Okawaru
 19857 | Lair:7   | Reached skill level 15 in Long Blades
 19954 | Lair:8   | Entered Level 8 of the Lair of Beasts
 20813 | Lair:8   | Received a gift from Okawaru
 20845 | Lair:8   | Reached skill level 16 in Long Blades
 20854 | Lair:8   | HP: 3/122 [spriggan/short sword (6)]
 20855 | Lair:8   | Mangled by a komodo dragon

Skill      XL: |  1  2  3  4  5  6  7  8  9 10 11 12 13 14 |
---------------+-------------------------------------------+-----
Shields        | 4 5 7 8 9 |  9.1
Armour         | 4 5 7 |  7.4
Fighting       | 4 5 6 7 9 10 | 10.4
Long Blades    | 3 4 5 7 9 10 12 13 14 16 | 16.0
Unarmed Combat | 3 4 6 7 9 10 | 10.1
Invocations    | 2 5 7 9 |  9.2

Action                   |  1- 3 |  4- 6 |  7- 9 | 10-12 | 13-15 || total
-------------------------+-------+-------+-------+-------+-------++-------
Melee: Long sword        |    87 |    48 |       |       |       ||   135
       Scimitar          |       |     2 |   386 |  1068 |   683 ||  2139
       Bite              |       |       |    40 |   155 |   151 ||   346
       Falchion          |       |       |       |     9 |    30 ||    39
Invok: Heroism           |       |       |       |     9 |     7 ||    16
       Finesse           |       |       |       |       |     3 ||     3
 Abil: Dig               |       |       |     7 |    22 |    10 ||    39
Evoke: Wand              |       |       |       |     1 |       ||     1
  Use: Potion            |       |     2 |     3 |     2 |     7 ||    14
       Scroll            |       |       |     9 |    20 |     5 ||    34
  Eat: Fruit             |       |     1 |       |       |       ||     1
       Bread ration      |       |       |     2 |     3 |     3 ||     8
       Chunk             |       |       |     9 |    10 |    10 ||    29
       Meat ration       |       |       |       |     2 |       ||     2
Armor: Scale mail        |    54 |    14 |    26 |       |       ||    94
       Skin              |       |       |     2 |       |       ||     2
       Chain mail        |       |       |   123 |     2 |       ||   125
       Plate armour      |       |       |       |   356 |   220 ||   576
Dodge: Dodged            |    35 |    11 |   106 |   206 |   115 ||   473
Block: Shield            |    52 |    27 |   202 |   509 |   301 ||  1091
